 Dungeon Crawl Stone Soup version 0.21-a0-265-gb353147 (console) character file.

416 removed the Conjurer (level 6, 0/45 HPs)
             Began as a Demigod Venom Mage on Sept 10, 2017.
             Slain by an iguana (2 damage)
             ... on level 4 of the Dungeon.
             The game lasted 00:06:09 (3464 turns).

removed the Conjurer (Demigod Venom Mage)           Turns: 3464, Time: 00:06:10

Health: 0/45       AC:  7    Str: 15 (16) XL:     6   Next: 34%
Magic:  0/11       EV: 12    Int: 20 (23) God:
Gold:   228        SH:  0    Dex: 15 (16) Spells: 4/8 levels left

rFire    . . .     SeeInvis .   a - +2 dagger (speed)
rCold    . . .     Gourm    .   (no shield)
rNeg     . . .     Faith    .   f - +0 robe
rPois    .         Spirit   .   (no helmet)
rElec    .         Reflect  .   (no cloak)
rCorr    .         Harm     .   (no gloves)
MR       .....                  (no boots)
Stlth    ++........             (no amulet)
HPRegen  0.15/turn              x - +5 ring of protection
MPRegen  0.12/turn              (no ring)

@: mighty, lethally poisoned (0 -> -2), flying
A: high mp 1
a: no special abilities


You were on level 4 of the Dungeon.
You were not hungry.

You visited 1 branch of the dungeon, and saw 4 of its levels.

You collected 228 gold pieces.

Inventory:

Hand Weapons
 a - a +2 dagger of speed (weapon)
 d - a +0 dagger
Missiles
 y - 2 throwing nets (quivered)
Armour
 f - a +0 robe (worn)
Jewellery
 x - a +5 ring of protection (left hand)
Wands
 u - a wand of polymorph (10/24)
 w - a wand of enslavement (10/24)
Scrolls
 g - 4 scrolls of remove curse {unknown}
 h - a scroll of amnesia {unknown}
 l - 2 scrolls of recharging {unknown}
 m - a scroll of random uselessness {unknown}
 o - 2 scrolls of magic mapping {unknown}
 s - a scroll of identify {unknown}
 z - a scroll of noise {unknown}
Potions
 j - a potion of might
 p - a potion of haste {unknown}
 t - a potion of berserk rage {unknown}
Books
 b - a Young Poisoner's Handbook

   Spells                             Type                      Level
   a - Sting                          Conjuration/Poison           1
   b - Poisonous Vapours              Poison/Air                   2
   c - Mephitic Cloud                 Conjuration/Poison/Air       3
   d - Olgreb's Toxic Radiance        Poison                       4
   e - Venom Bolt                     Conjuration/Poison           5
Comestibles
 c - 2 bread rations
 q - 2 royal jellies
 v - 6 fruits
 A - 3 chunks of flesh


   Skills:
 - Level 1.7 Dodging
 - Level 1.7 Stealth
 - Level 1.7 Spellcasting
 + Level 4.9 Conjurations
 + Level 4.7 Poison Magic


You had 4 spell levels left.
You knew the following spells:

 Your Spells              Type           Power        Failure   Level  Hunger
a - Sting                 Conj/Pois      ###.         2%          1    #......
m - Mephitic Cloud        Conj/Pois/Air  ##......     13%         3    ###....


Dungeon Overview and Level Annotations

Branches:
Dungeon (4/15)
 Temple: D:4-7

Annotations:
D:4 exclusion: 3 quasits


Innate Abilities, Weirdness & Mutations

You have an increased reservoir of magic. (+10% MP)


Message History

* * * LOW HITPOINT WARNING * * *
The adder bites you.
* * * LOW HITPOINT WARNING * * *
You are lethally poisoned!
The adder poisons you!
It was a potion of might.
You feel very mighty all of a sudden.
* * * LOW HITPOINT WARNING * * *
You feel sick.
You kill the adder!
It was a potion of degeneration.
There was something very wrong with that liquid.
You feel weakened.
You feel dopey.
You feel clumsy.
The iguana bites you but does no damage.
It was a potion of flight.
You feel very buoyant.
You fly up into the air.
* * * LOW HITPOINT WARNING * * *
You feel sick. The iguana bites you.
You die...

## ##############
.####............#
.....^##########.#
.........# #.#
......##.# #.#
#####.##.# #.# #
#.##.# #@# #
#.##.### #l# #
#......# #.#
########.#[# #.#
.........#.# ##.##
....<....#.# #...#
#.######.#.# ##.##
.#.......#.# #.#
#.#####..#.# #.#


You could see an iguana.

Vanquished Creatures
  An ogre (D:3)
  A centaur (D:4)
  A bullfrog (D:4)
  An orc wizard (D:4)
  A worker ant (D:4)
  8 adders
  A worm (D:3)
  A dart slug (D:2)
  3 leopard geckos
  4 orcs
  4 giant cockroaches
  A goblin (D:2)
  8 hobgoblins
  3 jackals (D:3)
  3 quokkas
  10 bats
  7 frilled lizards
  8 kobolds
  5 rats
71 creatures vanquished.

Notes
Turn   | Place    | Note
-------+----------+-------------------------------------------
     0 | D:1      | removed the Demigod Venom Mage began the quest for the Orb.
     0 | D:1      | Reached XP level 1. HP: 14/14 MP: 5/5
     9 | D:1      | Reached skill level 1 in Conjurations
   591 | D:1      | Reached XP level 2. HP: 20/20 MP: 0/7
   966 | D:2      | Found an ancient bone altar of Kikubaaqudgha.
  1188 | D:2      | Reached XP level 3. HP: 26/26 MP: 4/8
  1890 | D:2      | Learned a level 3 spell: Mephitic Cloud
  1932 | D:3      | Noticed an ogre
  1945 | D:3      | Killed an ogre
  1945 | D:3      | Reached XP level 4. HP: 33/33 MP: 4/9
  2132 | D:3      | Reached XP level 5. HP: 38/38 MP: 1/10
  2964 | D:3      | Found a radiant altar of Vehumet.
  3120 | D:4      | Found a sacrificial altar of Ru.
  3323 | D:4      | Found a hide-covered altar of Uskayaw.
  3427 | D:4      | Noticed a centaur
  3450 | D:4      | Killed a centaur
  3450 | D:4      | Reached XP level 6. HP: 18/45 MP: 2/11
  3464 | D:4      | HP: 2/45 [poisoned by an adder]
  3464 | D:4      | Slain by an iguana

Vault maps used:
D:1:      dpeg_arrival_tiny_d
D:2:      marbit_many_paths
D:3:      lemuel_round_altar, minmay_misc_feat_columns
D:4:      cheibrodos_quashed, lemuel_round_altar,
          nicolae_overflow_crystal_walls, lemuel_doored_altar,
          evilmike_ruin_ashenzari, first_bread

Skill      XL: |  1  2  3  4  5 |
---------------+----------------+-----
Conjurations   | 2 3 4 |  4.9
Poison Magic   | 3 4 |  4.7
Dodging        | |  1.7
Stealth        | |  1.7
Spellcasting   | |  1.7

Action                   |  1- 3 |  4- 6 || total
-------------------------+-------+-------++-------
Melee: Dagger            |    12 |    19 ||    31
 Cast: Sting             |    96 |    77 ||   173
       Mephitic Cloud    |       |     1 ||     1
  Use: Potion            |       |     3 ||     3
  Eat: Chunk             |     4 |     6 ||    10
Armor: Robe              |     4 |    10 ||    14
Dodge: Dodged            |    18 |    18 ||    36

Table legend:
 A = Spawn XP
 B = Non-spawn XP
 C = Spawn XP percentage of total XP
 D = Spawn monster count
 E = Non-spawn monster count
 F = Spawn count percentage of total count
 G = Total turns spent on level
                    A         B        C        D         E        F      G
               +---------+---------+-------+---------+---------+-------+---------
         Total |       0 |     595 |   0.0 |       0 |      71 |   0.0 |  3464
               +---------+---------+-------+---------+---------+-------+---------
           D:1 |       0 |      20 |   0.0 |       0 |      14 |   0.0 |   778
           D:2 |       0 |      60 |   0.0 |       0 |      23 |   0.0 |  1113
           D:3 |       0 |     205 |   0.0 |       0 |      24 |   0.0 |  1153
           D:4 |       0 |     310 |   0.0 |       0 |      10 |   0.0 |   420
               +---------+---------+-------+---------+---------+-------+---------
